 Dungeon Crawl Stone Soup version 0.27-a0-1434-g6f15984924 (webtiles) character file.

Game seed: 15445003018698673850

2100 spiderkeys the Schismatic (level 9, -2/61 HPs)
             Began as an Octopode Abyssal Knight on July 4, 2021.
             Was an Elder of Lugonu.
             Slain by a shadow (10 damage)
             ... on level 5 of the Dungeon.
             The game lasted 00:15:56 (8952 turns).

spiderkeys the Schismatic (Octopode Abyssal Knight) Turns: 8952, Time: 00:15:57

Health: -2/61      AC:  3    Str: 11    XL:     9   Next: 28%
Magic:  15/15      EV: 15    Int: 15    God:    Lugonu [****..]
Gold:   254        SH:  0    Dex: 14    Spells: 8/17 levels left

rFire    . . .     SeeInvis .   a - +2 short sword (chaos)
rCold    . . .     Faith    .   (no shield)
rNeg     + . .     Spirit   .   n - +2 hat
rPois    .         Reflect  .   (no amulet)
rElec    .         Harm     .   N - ring of positive energy
rCorr    .         Rampage  .   (no ring)
Will     .....                  (no ring)
Stlth    ++++......             (no ring)
HPRegen  0.20/turn              (no ring)
MPRegen  0.14/turn              (no ring)
                                (no ring)
                                (no ring)

@: studying Spellcasting
A: almost no armour, amphibious, 8 rings, camouflage 1, gelatinous body 1,
(nimble swimmer 1), tentacles
a: Renounce Religion, Depart the Abyss, Bend Space, Banish, Corrupt


You were on level 5 of the Dungeon.
You worshipped Lugonu.
Lugonu was greatly pleased with you.
You visited 2 branches of the dungeon, and saw 7 of its levels.
You visited the Abyss 1 time.

You collected 389 gold pieces.
You spent 135 gold pieces at shops.


Innate Abilities, Weirdness & Mutations

You cannot wear most types of armour.
You are amphibious.
You can wear up to eight rings at the same time.
Your skin changes colour to match your surroundings (Stealth+).
Your rubbery body absorbs attacks. (AC +1, EV +1)
((You are camouflaged near water. (Stealth+)))
You have tentacles for arms and can constrict up to eight enemies at once.


   Skills:
 - Level 5.1 Fighting
 - Level 5.0 Short Blades
 - Level 5.0 Dodging
 - Level 5.0 Stealth
 + Level 4.6 Spellcasting
 + Level 5.9 Poison Magic
 + Level 6.2 Invocations


You had 8 spell levels left.
You knew the following spells:

 Your Spells              Type           Power      Damage    Failure   Level
m - Mephitic Cloud        Conj/Pois/Air  9%         N/A       22%         3
o - Olgreb's Toxic Radia  Pois           21%        N/A       16%         4
p - Poisonous Vapours     Pois/Air       24%        N/A       8%          2

Your spell library contained the following spells:

 Spells                   Type           Power      Damage    Failure   Level
 Sting                    Tmut/Pois      48%        1d5       4%          1
 Animate Skeleton         Necr           6%         N/A       17%         1
 Apportation              Tloc           6%         N/A       17%         1
 Corona                   Hex            3%         N/A       17%         1
 Pain                     Necr           12%        1d4       17%         1
 Summon Small Mammal      Summ           12%        N/A       17%         1
 Slow                     Hex            3%         N/A       26%         2
 Confusing Touch          Hex            3%         N/A       45%         3
 Stone Arrow              Conj/Erth      6%         3d7       45%         3
 Vampiric Draining        Necr           1%         2d6       45%         3
 Freezing Cloud           Conj/Ice/Air   1%         6-21      99%         5
 Lehudib's Crystal Spear  Conj/Erth      1%         10d2      100%        8
 Animate Armour           Summ/Erth      Unusable   N/A       N/A         4

Inventory:

Hand Weapons
 a - a +2 short sword of chaos (weapon)
Missiles
 c - 104 stones
 d - 92 sling bullets
 g - 60 arrows
 h - 36 poisoned darts
 k - 58 bolts
 o - 8 boomerangs
 u - 2 boomerangs of dispersal {=f!f}
Armour
 n - a +2 hat (worn)
   (You found it on level 3 of the Dungeon)
 x - a +0 buckler
   (You took it off a gnoll sergeant on level 5 of the Dungeon)
Jewellery
 F - a ring of fire
   (You found it on level 4 of the Dungeon)
 N - a ring of positive energy (left tentacle)
   (You found it on level 3 of the Dungeon)
Scrolls
 f - a scroll of teleportation {@r4}
 m - 2 scrolls of enchant weapon
 q - 3 scrolls of amnesia
 r - a scroll of identify {@r1}
 v - a scroll of holy word
 w - a scroll of silence {!r}
Potions
 b - a potion of heal wounds {@q2}
 e - 3 potions of curing {@q1}
 i - 2 potions of brilliance {unknown}
 j - a potion of mutation {unknown}
 l - 2 potions of invisibility {unknown}
 s - 2 potions of berserk rage {unknown}
 t - 3 potions of magic {unknown}

Dungeon Overview and Level Annotations

Branches:
Dungeon (6/15)             Temple (1/1) D:5

Altars:
Elyvilon
Fedhas
Gozag
Ru
Zin
The Shining One

Shops:
D:2 *   D:4 [

Annotations:
D:3 3 runed translucent doors, Phlounder's ghost, amateur DjTm

#.#.#.#.#.#.#..#.#.{.############
[.###...###....#.###.# #......
##...#.#...###.#.##..# #......
##.#.#[#.#.###.))##.## #......
##...###...##....##.# #......
.................##.# ##.....
..)....#########[##.# ##...#
#...##.### #{##.# #..##
##.#.....## ##@##.# #..##
#.#......# ##.#.#.# #....
#........####.###..# #.###
###......)...#####.# #.#
#.....#####..##.##### #.# ###.###
##..[......## #.# ######.#
##.)#..⌠..#..## #.### .......#
##..##)....##..## #.... ########
#..##..#.#..##..####.#.


There were no monsters in sight!


Message History

You squeeze the centaur zombie.
You destroy the centaur zombie!
Lugonu accepts your kill.
No target in view!
No target in view!
Key pressed, stopping explore.
Things that are here:
a +0 giant club; an ogre corpse; 😎 HP[+10] MP[+1]
Your hp is fully restored (61).
Your mp is fully restored (15).
You now have 254 gold pieces (gained 14).
You pick up a book of Armaments and begin reading...
You add the spells Stone Arrow and Lehudib's Crystal Spear to your library.
Okay, then.
You see here a +0 hand axe.
Done exploring.
Done exploring.
Done exploring.
Things that are here:
a +0 leather armour; a +0 flail
There is an open door here.
You see here a +0 giant club.
There is an open door here.
You see here a +0 club.
There is a stone staircase leading down here.
You climb downwards. 3 gnolls and a gnoll shaman come into view.
There is a stone staircase leading up here.
Poisonous vapours surround the gnoll!
The gnoll is poisoned.
The gnoll shouts! x3; The gnoll shaman shouts!
An adder comes into view. 😎 MP[-2]
You lost 2 mp, and now have 13/15 mp.
Poisonous vapours surround the gnoll!
The gnoll looks even sicker. 😎 MP[-2]
You lost 2 mp, and now have 11/15 mp.
Poisonous vapours surround the gnoll!
The gnoll looks even sicker. 😎 MP[-2]
You lost 2 mp, and now have 9/15 mp.
The gnoll barely misses you. The gnoll completely misses you.
You climb upwards.
There is a stone staircase leading down here.
You hit the gnoll.
The gnoll seems to grow stronger.
Your grab misses the gnoll.
The gnoll hits you with a +0 club. 😕 HP[-6]
You take 6 damage, and now have 55/61 hp.
You closely miss the gnoll. You grab the gnoll. You squeeze the gnoll.
You kill the gnoll!
Lugonu accepts your kill. 😕 MP[+1]
A shadow is nearby! 😕 HP[+2] MP[+1]
You regained 2 hp, and now have 57/61 hp.
The shadow slips into darkness.
The shadow flickers and vanishes!
Deactivating autopickup; reactivate with Ctrl-A.
No target in view!
No target in view!
No target in view! 😕 HP[+1] MP[+1]
The shadow strikes at you from the darkness!
Ouch! That really hurt!
* * * LOW HITPOINT WARNING * * *
Reactivating autopickup. 😨 HP[-34]
You take 34 damage, and now have 24/61 hp.
MASSIVE DAMAGE!! (PAUSE)
Press: ? - help, v - describe, . - travel The floor.
You barely miss the shadow. The shadow hits you.
You hit the shadow but do no damage. The shadow hits you!
* * * LOW HITPOINT WARNING * * *
😱 HP[-10]
You take 10 damage, and now have 14/61 hp.
You closely miss the shadow. You closely miss the shadow.
You squeeze the shadow. The shadow hits you.
* * * LOW HITPOINT WARNING * * *
You hit the shadow but do no damage.
The shadow seems to slow down.
You squeeze the shadow. The shadow closely misses you. 😱 MP[+1]
The shadow slips into darkness.
The shadow flickers and vanishes!
Deactivating autopickup; reactivate with Ctrl-A. 😱 HP[+1] 😨 HP[+1] MP[+1]
The shadow strikes at you from the darkness!
* * * LOW HITPOINT WARNING * * *
Reactivating autopickup. 😱 HP[-9]
You take 9 damage, and now have 7/61 hp.
The shadow slips into darkness.
The shadow flickers and vanishes!
Deactivating autopickup; reactivate with Ctrl-A.
You see here a +0 halberd. 😱 MP[+1]
Your mp is fully restored (15).
Things that are here:
a +0 scale mail; a +0 spear; 😱 HP[+1]
There is a stone staircase leading up, spattered with blood here.
The shadow strikes at you from the darkness!
You die...

Skill      XL: |  1  2  3  4  5  6  7  8  9 |
---------------+----------------------------+-----
Stealth        | 1 2 3 4 5 |  5.0
Poison Magic   | 1 2 3 5 |  5.9
Dodging        | 3 4 5 |  5.0
Invocations    | 3 4 5 6 |  6.2
Short Blades   | 3 4 5 |  5.0
Fighting       | 4 5 |  5.1
Spellcasting   | 3 4 |  4.6

Action                   |  1- 3 |  4- 6 |  7- 9 || total
-------------------------+-------+-------+-------++-------
Melee: Short sword       |    70 |   112 |   209 ||   391
       Tentacles         |    10 |    26 |    43 ||    79
       Constrict         |    11 |    22 |    28 ||    61
Throw: Dart              |       |     1 |       ||     1
       Boomerang         |       |       |    22 ||    22
 Cast: Poisonous Vapours |       |       |    26 ||    26
Invok: Bend Space        |       |     1 |     7 ||     8
  Use: Scroll            |       |     7 |     7 ||    14
       Potion            |       |     1 |     2 ||     3
 Stab: Sleeping          |     6 |    19 |    11 ||    36
       Distracted        |     1 |       |       ||     1
Armor: Skin              |     7 |    14 |    29 ||    50
Dodge: Dodged            |    51 |    66 |   133 ||   250

Levels and vault maps discovered:
D:1:      psy_arrival_heroes, layout_basic, minmay_tree_intersection
D:2:      layout_rooms, serial_shops, nicolae_shop_crystal,
          minmay_joined_circles
D:3:      layout_loops_corners, general_overflow_altar,
          nicolae_overflow_crystal_walls, fedhas_altar_fruit_tree,
          gammafunk_ghost_icy, minmay_bisected
D:4:      layout_gridville, overflow_temple_1_default, nicolae_stop_n_shop_2
D:5:      minmay_chambers_of_threes, layout_loops_ring,
          minmay_temple_entry_waves, minmay_starry_boxes
D:6:      minmay_polygon_palace, layout_loops_ring,
          amethyst_overflow_temple_binary, uniq_menkaure
Temple:   dpeg_three_leaves_temple

Notes
Turn   | Place    | Note
-------+----------+-------------------------------------------
     0 | Abyss:1  | spiderkeys the Octopode Abyssal Knight began the quest for
                  | the Orb.
     0 | Abyss:1  | Reached XP level 1. HP: 16/16 MP: 2/2
     0 | Abyss:1  | magus.rc [v1.9.10]
    25 | Abyss:1  | You pick up a book of Vapours and begin reading...
    25 | Abyss:1  | You add the spells Poisonous Vapours, Mephitic Cloud and
                  | Freezing Cloud to your library.
    54 | Abyss:1  | Found a corrupted altar of Lugonu.
    86 | D:1      | You pass through the gate.
    86 | D:1      | Escaped the Abyss
   156 | D:1      | Reached XP level 2. HP: 21/21 MP: 3/3
   321 | D:1      | Reached skill level 1 in Stealth
   605 | D:1      | Reached ** piety under Lugonu
   852 | D:1      | Reached XP level 3. HP: 16/26 MP: 4/4
  1032 | D:1      | You pick up a book of Necromancy and begin reading...
  1032 | D:1      | You add the spells Pain, Animate Skeleton and Vampiric
                  | Draining to your library.
  1134 | D:1      | Learned a level 2 spell: Poisonous Vapours
  1272 | D:2      | Found Ycheo's Assorted Antiques.
  1317 | D:2      | Reached skill level 2 in Stealth
  1325 | D:2      | Reached XP level 4. HP: 19/31 MP: 5/5
  1360 | D:2      | HP: 3/31 [iguana (6)]
  1362 | D:2      | Reached skill level 1 in Poison Magic
  1636 | D:2      | Bought a scroll labelled UNYMMUKHYK for 27 gold pieces
  1636 | D:2      | Bought a scroll labelled GAUPRO BEVUPPI for 27 gold pieces
  1652 | D:2      | Reached skill level 3 in Dodging
  1852 | D:2      | Identified a +2 robe of the Archmagi
  2035 | D:2      | Reached XP level 5. HP: 36/36 MP: 7/7
  2592 | D:3      | Found a glowing silver altar of Zin.
  2773 | D:3      | Reached skill level 3 in Stealth
  2773 | D:3      | Reached skill level 3 in Invocations
  3058 | D:3      | Noticed Phlounder's ghost (amateur DjTm)
  3076 | D:3      | Reached *** piety under Lugonu
  3161 | D:3      | Reached skill level 3 in Short Blades
  3183 | D:3      | Found an opulent altar of Gozag.
  3263 | D:3      | Found a blossoming altar of Fedhas.
  3299 | D:3      | Found a runed translucent gate.
  3300 | D:3      | Found a runed translucent gate.
  3301 | D:3      | Found a runed translucent gate.
  3666 | D:2      | Bought 2 scrolls labelled DIS LAYZOCRYE for 54 gold pieces
  3666 | D:2      | Bought a scroll labelled UTUUCH ZOUNT for 27 gold pieces
  3870 | D:4      | Reached skill level 2 in Poison Magic
  3870 | D:4      | Reached XP level 6. HP: 43/43 MP: 8/8
  4048 | D:4      | You fall into a shaft and drop 2 floors!
  4075 | D:6      | Noticed a necrophage
  4082 | D:6      | Killed a necrophage
  4083 | D:6      | Reached skill level 4 in Fighting
  4091 | D:5      | Entered Level 5 of the Dungeon
  4096 | D:5      | Reached skill level 4 in Stealth
  4096 | D:5      | Reached XP level 7. HP: 48/48 MP: 9/9
  4317 | D:5      | Reached skill level 4 in Dodging
  4317 | D:5      | Reached skill level 3 in Poison Magic
  4403 | D:5      | Reached skill level 4 in Invocations
  4496 | D:5      | Reached skill level 4 in Short Blades
  4508 | D:5      | Reached XP level 8. HP: 32/54 MP: 11/11
  4527 | D:5      | HP: 10/54 [sky beast (6)]
  4536 | D:5      | Reached skill level 5 in Stealth
  4548 | D:5      | HP: 11/54 [something (4)]
  4555 | D:5      | HP: 10/54 [sky beast (5)]
  4558 | D:5      | Reached skill level 4 in Poison Magic
  4854 | D:5      | You pick up a book of Cantrips and begin reading...
  4854 | D:5      | You add the spells Corona, Summon Small Mammal and
                  | Apportation to your library.
  4891 | D:5      | Found a staircase to the Ecumenical Temple.
  4933 | Temple   | Entered the Ecumenical Temple
  5215 | D:5      | Noticed a shadow
  5220 | D:4      | Found Jevifid's Antique Armour Shop.
  5361 | D:4      | Found a sacrificial altar of Ru.
  5446 | D:4      | Reached skill level 5 in Fighting
  5472 | D:4      | Reached skill level 1 in Spellcasting
  5729 | D:4      | You add the spells Sting and Olgreb's Toxic Radiance to
                  | your library.
  6070 | D:5      | Identified a scroll of acquirement
  6070 | D:5      | Acquired a manual of Spellcasting
  6148 | D:5      | Reached skill level 5 in Dodging
  6148 | D:5      | Reached skill level 5 in Invocations
  6350 | D:5      | Reached skill level 2 in Spellcasting
  6643 | D:5      | You pick up a book of Debilitation and begin reading...
  6643 | D:5      | You add the spells Slow and Confusing Touch to your
                  | library.
  6653 | D:5      | Learned a level 3 spell: Mephitic Cloud
  6658 | D:5      | Learned a level 4 spell: Olgreb's Toxic Radiance
  6729 | D:5      | Reached skill level 5 in Short Blades
  7508 | D:5      | Reached skill level 3 in Spellcasting
  7508 | D:5      | Reached skill level 5 in Poison Magic
  7508 | D:5      | Reached XP level 9. HP: 42/61 MP: 5/13
  7712 | D:5      | Reached **** piety under Lugonu
  7868 | D:5      | HP: 9/61 [centaur/arrow (7)]
  7868 | D:5      | HP: 1/61 [centaur/arrow (8)]
  8182 | D:5      | Reached skill level 4 in Spellcasting
  8182 | D:5      | Reached skill level 6 in Invocations
  8247 | D:5      | HP: 14/61 [jelly (2)]
  8247 | D:5      | HP: 6/61 [acid (8)]
  8861 | D:5      | You pick up a book of Armaments and begin reading...
  8861 | D:5      | You add the spells Stone Arrow and Lehudib's Crystal Spear
                  | to your library.
  8927 | D:5      | HP: 14/61 [shadow (10)]
  8944 | D:5      | HP: 7/61 [something (10)]
  8952 | D:5      | Slain by a shadow

Vanquished Creatures
  A water moccasin (D:5)
  2 sky beasts (D:5)
  A black bear (D:4)
  A necrophage (D:6)
  3 ogres (D:5)
  2 centaurs (D:5)
  A phantom (D:4)
  A bullfrog (D:5)
  A gnoll sergeant (D:5)
  4 scorpions (D:5)
  A water moccasin skeleton (D:5)
  A centaur zombie (D:5)
  2 jellies (D:4)
  A bullfrog zombie (D:6)
  A gnoll shaman (D:5)
  4 hounds
  A centaur skeleton (D:5)
  2 iguanas
  An orc wizard (D:5)
  A hound skeleton (D:4)
  10 adders
  10 gnolls
  A howler monkey skeleton (D:5)
  An ufetubus (D:5)
  6 worms
  7 dart slugs
  10 orcs
  6 endoplasms
  11 goblins
  12 hobgoblins
  3 jackals (D:1)
  2 quokkas (D:3)
  6 ball pythons
  7 bats
  4 frilled lizards
  A jackal skeleton (D:4)
  10 kobolds
  7 rats
146 creatures vanquished.

Table legend:
 A = Non-vault XP
 B = Vault XP
 C = Vault XP percentage of total XP
 D = Non-vault monster count
 E = Vault monster count
 F = Vault count percentage of total count
                 A         B        C        D         E       F
            +---------+---------+-------+---------+---------+-------
      Total |    2148 |     853 |  28.4 |     118 |      28 |  19.2
            +---------+---------+-------+---------+---------+-------
        D:1 |      41 |       0 |   0.0 |      25 |       0 |   0.0
        D:2 |     141 |      31 |  18.0 |      24 |       8 |  25.0
        D:3 |      96 |       6 |   5.9 |      18 |       4 |  18.2
        D:4 |     349 |      98 |  21.9 |      20 |       2 |   9.1
        D:5 |    1351 |     718 |  34.7 |      29 |      14 |  32.6
        D:6 |     170 |       0 |   0.0 |       2 |       0 |   0.0
            +---------+---------+-------+---------+---------+-------

Illustrated notes

Table legend:
 A = Kills in this place as a percentage of kills in entire the game.
 B = Kills by you in this place as a percentage of kills by you in the entire game.
 C = Kills by friends in this place as a percentage of kills by friends in the entire game.
 D = Other kills in this place as a percentage of other kills in the entire game.
 E = Experience gained in this place as a percentage of experience gained in the entire game.
 F = Experience gained in this place divided by the number of levels of this place that you have seen.
                   A       B       C       D       E      F
               +-------+-------+-------+-------+-------+----------------------
         Total | 100.0 | 100.0 |   N/A |   N/A | 100.0 | 375.1
       Dungeon | 100.0 | 100.0 |   N/A |   N/A | 100.0 | 500.2
               +-------+-------+-------+-------+-------+----------------------

Table legend: (Time is in decaauts)
 A = Elapsed time spent in this place.
 B = Non-inter-level travel time spent in this place.
 C = Inter-level travel time spent in this place.
 D = Time resting spent in this place.
 E = Time spent auto-exploring this place.
 F = Levels seen in this place.
 G = Mean time per level.
                   A        B        C        D        E       F      G
               +--------+--------+--------+--------+--------+-----+--------+
         Total |   8936 |   8636 |    300 |   2152 |   4941 |   8 | 1117.0 |
       Dungeon |   8749 |   8449 |    300 |   2053 |   4932 |   6 | 1458.2 |
        Temple |    101 |    101 |      0 |     99 |      0 |   1 |  101.0 |
         Abyss |     86 |     86 |      0 |      0 |      9 |   1 |   86.0 |
               +--------+--------+--------+--------+--------+-----+--------+

Top non-repeatable levels by time:
     D:5: 2470 daAuts
     D:4: 2467 daAuts
     D:2: 1439 daAuts
     D:3: 1264 daAuts
     D:1: 1059 daAuts
  Temple: 101 daAuts
 Abyss:1: 86 daAuts
     D:6: 47 daAuts
